 Dungeon Crawl Stone Soup version 0.19.1-1-g22dce08 (webtiles) character file.

144 Miant the Firebug (level 5, -4/38 HPs)
             Began as a Draconian Fire Elementalist on Dec 28, 2016.
             Was an Initiate of Gozag.
             Slain by an orc
             ... wielding a +0 trident
              (8 damage)
             ... on level 3 of the Dungeon.
             The game lasted 00:21:26 (3259 turns).

Miant the Firebug (Draconian Fire Elementalist)     Turns: 3259, Time: 00:21:26

Health: -4/38      AC:  5    Str:  9 (10) XL:     5   Next: 5%
Magic:  0/9        EV: 12    Int: 14 (16) God:    Gozag
Gold:   97         SH:  0    Dex: 10 (12) Spells: 3 memorised, 4 levels left

rFire  . . .     SeeInvis .     x - +0 hunting sling
rCold  . . .     Gourm    .     (armour unavailable)
rNeg   . . .     Faith    .     (no shield)
rPois  .         Spirit   .     (helmet restricted)
rElec  .         Reflect  .     (no cloak)
rCorr  .         Harm     .     (no gloves)
MR     .....                    (no boots)
Stlth  ++........               (no amulet)
                                (no ring)
                                (no ring)

@: very slightly contaminated, hasted, very quick
A: unfitting armour, cold-blooded, AC +5
a: Potion Petition, Call Merchant, Bribe Branch, Renounce Religion


You were on level 3 of the Dungeon.
You worshipped Gozag.
Gozag was noncommittal.
You were hungry.

You visited 1 branch of the dungeon, and saw 3 of its levels.

You collected 128 gold pieces.
You paid 31 gold pieces to Gozag.

Inventory:

Hand Weapons
 p - a +0 hand crossbow
 x - a +0 hunting sling (weapon)
Missiles
 f - 133 stones (quivered)
 h - 7 exploding tomahawks
 r - 33 sling bullets
 s - 11 poisoned needles
 y - 19 arrows
Scrolls
 c - a scroll of random uselessness {unknown}
 d - a scroll of recharging {unknown}
 g - a scroll of remove curse {unknown}
 i - a scroll of magic mapping {unknown}
 m - a scroll of noise {unknown}
 n - a scroll of enchant armour {unknown}
 q - a scroll of enchant weapon {unknown}
 v - 4 scrolls of identify {unknown}
Potions
 e - a potion of might
 j - a potion of resistance {unknown}
 t - a potion of invisibility {unknown}
 u - a potion of brilliance {unknown}
Books
 a - a book of Flames

   Spells                             Type                      Level
   a - Flame Tongue                   Conjuration/Fire             1
   b - Throw Flame                    Conjuration/Fire             2
   c - Conjure Flame                  Conjuration/Fire             3
   d - Inner Flame                    Hexes/Fire                   3
   e - Sticky Flame                   Conjuration/Fire             4
   f - Fireball                       Conjuration/Fire             5
Comestibles
 b - 3 bread rations
 k - a meat ration


   Skills:
 - Level 0.2 Fighting
 + Level 0.5(1.0) Slings
 + Level 1.1(1.2) Throwing
 + Level 2.4 Dodging
 - Level 1.8 Stealth
 + Level 3.1 Spellcasting
 + Level 1.9 Conjurations
 + Level 3.7 Fire Magic


You had 4 spell levels left.
You knew the following spells:

 Your Spells              Type           Power        Failure   Level  Hunger
a - Flame Tongue          Conj/Fire      ##...        10%         1    #......
b - Throw Flame           Conj/Fire      ##....       12%         2    ##.....
c - Inner Flame           Hex/Fire       #.......     30%         3    ###....


Dungeon Overview and Level Annotations

Branches:
Dungeon (3/15)

Altars:
Gozag
Okawaru
Ru


Innate Abilities, Weirdness & Mutations

Your plain brown scales are hard. (AC +5)
You cannot fit into any form of body armour.
You are cold-blooded and may be slowed by cold attacks.


Message History

You shoot a stone. The stone barely misses the orc.
The orc hits you from afar with a trident.
The orc hits you with a war axe!
* * * LOW HITPOINT WARNING * * *
You need at least 400 gold to purchase potions right now!
Okay, then.
It was a potion of haste.
You feel yourself speed up.
The orc hits you from afar with a trident.
* * * LOW HITPOINT WARNING * * *
The orc hits you with a war axe.
* * * LOW HITPOINT WARNING * * *
Casting: Flame Tongue
Confirm with . or Enter, or press ? or * to list all spells.
Okay, then.
It was a potion of degeneration.
There was something very wrong with that liquid.
You feel weakened.
You feel dopey.
You feel clumsy.
The orc hits you from afar with a trident!
You die...
Your body crumbles into a pile of gold.

..............#####
#.#.##....##..#
....#####......## #####
#........# .#
##........## .##
#.#.#....# ..##
#...###..### #..#
#....###o..##### ##.##
#.#...@o$....(.. #..##
#.#.#####$#.....
##..#### #....####...
... ##....#
#............. .
#....###.#..######.....
#........#...# .....
#.....#####.>.# ....
##...## .#.# .... #...#
.#.#


You could see 2 orcs.

Vanquished Creatures
  An orc wizard (D:3)
  5 adders
  A worm (D:2)
  A dart slug (D:2)
  3 leopard geckos
  2 orcs (D:3)
  A ball python (D:2)
  A giant cockroach (D:2)
  7 goblins
  8 hobgoblins
  7 jackals
  8 kobolds
  A quokka (D:2)
  8 bats
  4 frilled lizards
  7 rats
65 creatures vanquished.

Notes
Turn   | Place    | Note
-------+----------+-------------------------------------------
     0 | D:1      | Miant the Draconian Fire Elementalist began the quest for the Orb.
     0 | D:1      | Reached XP level 1. HP: 14/14 MP: 3/3
   309 | D:1      | Reached XP level 2. HP: 7/20 MP: 0/5
  1085 | D:2      | Found an iron altar of Okawaru.
  1252 | D:2      | Learned a level 2 spell: Throw Flame
  1271 | D:2      | Found a sacrificial altar of Ru.
  1468 | D:2      | Reached XP level 3. HP: 22/26 MP: 1/6
  2004 | D:2      | Learned a level 3 spell: Inner Flame
  2480 | D:2      | Reached XP level 4. HP: 23/33 MP: 1/8
  2747 | D:3      | Reached skill level 1 in Throwing
  3093 | D:3      | Found an opulent altar of Gozag.
  3118 | D:3      | Became a worshipper of Gozag Ym Sagoz the Greedy
  3251 | D:3      | Reached XP level 5. HP: 27/38 MP: 1/9
  3259 | D:3      | Slain by an orc

Skill      XL: |  1  2  3  4 |
---------------+-------------+-----
Dodging        | 2 |  2.4
Throwing       | 1 |  1.1
Spellcasting   | 3 |  3.1
Fighting       | |  0.2
Slings         | |  0.5
Stealth        | |  1.8
Conjurations   | |  1.9
Fire Magic     | |  3.7

Action                   |  1- 3 |  4- 6 || total
-------------------------+-------+-------++-------
Melee: Unarmed           |    11 |       ||    11
       Tailslap          |     1 |       ||     1
 Fire: Hunting sling     |       |    10 ||    10
Throw: Tomahawk          |     1 |       ||     1
       Stone             |    98 |     1 ||    99
 Cast: Flame Tongue      |    79 |    36 ||   115
       Throw Flame       |     1 |       ||     1
Invok: Potion Petition   |       |     1 ||     1
  Use: Potion            |     1 |     2 ||     3
  Eat: Chunk             |     6 |     2 ||     8
Armor: Skin              |    50 |     8 ||    58
Dodge: Dodged            |   119 |    17 ||   136
